 Dungeon Crawl Stone Soup version 0.31-a0-851-g7ff8af7976 (webtiles) character file.

Game seed: 1257248171726667988

2186 lunkers the Martial Artist (level 9, -3/64 HPs)
             Began as a Meteoran Shapeshifter on Oct 5, 2023.
             Was a Follower of Ru.
             Slain by Amaemon
             ... wielding a -1 demon whip of venom
              (6 damage)
             ... on level 8 of the Dungeon.
             The game lasted 00:09:53 (3228 turns).

lunkers the Martial Artist (Meteoran Shapeshifter)  Turns: 3228, Time: 00:09:54

Health: -3/64      AC: 10    Str: 16    XL:     9   Next: 89%
Magic:  10/10      EV: 12    Int: 12    God:    Ru [*.....]
Gold:   413        SH:  5    Dex: 24    Spells: 8/8 levels left

rFire   . .          .
                       - Unarmed
rCold   . . .        (no shield)
rNeg    . . .        p - +5 ring mail "Sooch" {Dex+6}
rPois   .            (helmet currently unavailable)
rElec   .            (cloak currently unavailable)
rCorr   +            (gloves currently unavailable)
SInv    .            (boots currently unavailable)
Will    +....        x - amulet of reflection
Stlth   +            i - ring of resist corrosion
HPRegen 0.30/turn    (no ring)
MPRegen 0.12/turn

%: reflection
@: lethally poisoned (-3 -> -28), about to teleport, beast-form, slowed,
glowing, very slow
A: beast (slay +4), sense surroundings 2, inability to read after injury 2,
otherworldly, glowing, explore regen
a: Begin Untransformation, Renounce Religion


You were on level 8 of the Dungeon.
You worshipped Ru.
Ru was aware of your devotion.
You were a hulking beast.
You visited 1 branch of the dungeon, and saw 8 of its levels.

You collected 413 gold pieces.

Inventory:

Missiles
 D - a throwing net
Armour
 f - a +0 pair of boots
 p - the +5 ring mail "Sooch" (worn) {Dex+6}
   (You found it on level 5 of the Dungeon)

   Dex+6:     It affects your dexterity (+6).
Jewellery
 i - a ring of resist corrosion (left hand)
 x - an amulet of reflection (around neck)
Talismans
 c - a beast talisman (active)
 d - a flux talisman
 q - a blade talisman
Wands
 h - a wand of digging (8)
 w - a wand of charming (9)
Scrolls
 a - 2 scrolls of enchant armour {unknown}
 b - 2 scrolls of vulnerability {unknown}
 e - a scroll of amnesia {unknown}
 g - a scroll of immolation {unknown}
 k - a scroll of enchant weapon {unknown}
 l - 3 scrolls of blinking {unknown}
 m - 4 scrolls of identify
 n - 2 scrolls of teleportation
 s - a scroll of fog {unknown}
 t - a scroll of fear {unknown}
 u - 2 scrolls of noise {unknown}
 y - a scroll of revelation {unknown}
 B - a scroll of butterflies {unknown}
 C - 2 scrolls of brand weapon {unknown}
Potions
 j - 2 potions of attraction
 o - 3 potions of curing {unknown}
 r - a potion of cancellation {unknown}
 v - 2 potions of degeneration {unknown}
 z - a potion of magic {unknown}
 A - a potion of enlightenment {unknown}
 E - a potion of ambrosia {unknown}


   Skills:
 - Level 1.1 Fighting
 - Level 2.1 Dodging
 * Level 12.2 Unarmed Combat
 + Level 8.5 Shapeshifting


You had 8 spell levels left.
You didn't know any spells.
Your spell library contained the following spells:

 Spells                   Type           Power      Damage    Failure   Level
 Freeze                   Ice            0%         1d3       54%         1
 Frozen Ramparts          Ice            0%         1d1       88%         3
 Hailstorm                Conj/Ice       0%         3d3       88%         3
 Inner Flame              Hex/Fire       0%         N/A       88%         3
 Tukima's Dance           Hex            0%         N/A       88%         3
 Flame Wave               Conj/Fire      0%         2d4       99%         4
 Passage of Golubria      Tloc           0%         N/A       99%         4
 Sticky Flame             Conj/Fire      0%         2d3       99%         4
 Yara's Violent Unravell  Hex/Tmut       0%         3d3       100%        5


Dungeon Overview and Level Annotations

Branches:
Dungeon (8/15) Zot: 1633   Temple (0/1) D:6
   Lair: D:8-11

Altars:
Elyvilon
Hepliaklqana
Nemelex Xobeh
Okawaru
Ru
Vehumet

Shops:
D:3 =

Annotations:
D:8 Amaemon


Innate Abilities, Weirdness & Mutations

You are a hulking beast.
Your limbs bulge with bestial killing power. (Slay +4)
You passively map the area around you.
You sometimes lose the ability to read scrolls when taking damage.
You are easily found by Zot.
You glow in the dark.
You regain HP and MP as you explore.


Message History

You hit Amaemon but do no damage. You punch Amaemon!
Amaemon is lightly wounded.
You feel sick.
The scorpion stings you but does no damage.
Amaemon gestures at the scorpion while chanting.
The scorpion seems to grow toxic.
The scorpion barely misses you. The orange demon stings you from afar!
* * * LOW HITPOINT WARNING * * *
You are more poisoned.
You have difficulty breathing.
* * * LOW HITPOINT WARNING * * *
You feel yourself slow down.
As you read the scroll labelled ZIVVASUESCH, it crumbles to dust.
It is a scroll of identify.
j - 2 potions of attraction
* * * LOW HITPOINT WARNING * * *
You feel extremely sick. The scorpion stings you.
* * * LOW HITPOINT WARNING * * *
The scorpion closely misses you. You block Amaemon's attack. Amaemon claws you.
* * * LOW HITPOINT WARNING * * *
Amaemon tail-slaps you but does no damage.
The orange demon stings you from afar.
* * * LOW HITPOINT WARNING * * *
Unknown command.
Okay, then.
Okay, then.
As you read the scroll labelled UWIRER XUUN, it crumbles to dust.
You feel strangely unstable.
It was a scroll of teleportation.
* * * LOW HITPOINT WARNING * * *
You feel very sick. The scorpion barely misses you.
The scorpion is stunned by your conviction and fails to attack.
Amaemon hits you with a -1 demon whip of venom!
* * * LOW HITPOINT WARNING * * *
You are more poisoned.
Amaemon claws you.
* * * LOW HITPOINT WARNING * * *
Amaemon tail-slaps you.
You die...

, * * * ** * , , * *
#. , ,* , * , ###
###.#########* * ..,
...:...#.... , , ..
#......?.... , , , .
#......!.... , , ,
#.#.....4.... ,
#.##.#.##s6.# ,, , *
#........hs# * * * ,*
######.##### *, #.# *
* * , #####.## * *+
#......#### * * **
#..##.....####### .#
*
###.#.##.##........,
* .#
###......#.##########
.+ ........#..# **


You could see Amaemon, an orange demon (curare) and 2 scorpions.

Vanquished Creatures
  A water moccasin (D:7)
  4 black bears
  A sky beast (D:6)
  A centaur (D:5)
  2 phantoms
  3 bullfrogs
  A gnoll sergeant (D:5)
  3 scorpions (D:6)
  2 centaur zombies (D:4)
  2 hounds
  2 gnoll boudas
  2 jellies
  An orc priest (D:3)
  Jessica (D:3)
  A sleepcap (D:5)
  Natasha (twice) (D:3)
  6 iguanas
  An orc wizard (D:4)
  2 scorpion zombies (D:4)
  2 hound zombies (D:4)
  A hound skeleton (D:4)
  12 gnolls
  10 adders
  A shadow imp (D:4)
  3 white imps
  2 ufetubi
  An adder skeleton (D:4)
  2 adder zombies (D:4)
  A worm (D:2)
  A dart slug (D:3)
  13 orcs
  A bat (D:3)
  4 endoplasms
  A giant cockroach (D:4)
  5 goblins
  10 hobgoblins
  4 kobolds
  2 quokkas
  6 ball pythons
  A frilled lizard (D:2)
  6 rats
127 creatures vanquished.

Vanquished Creatures (others)
  A gnoll (D:8)
1 creature vanquished.

Grand Total: 128 creatures vanquished

Notes
Turn   | Place    | Note
-------+----------+-------------------------------------------
     0 | D:1      | lunkers the Meteoran Shapeshifter began the quest for the
                  | Orb.
     0 | D:1      | Reached XP level 1. HP: 16/16 MP: 2/2
   252 | D:1      | Reached XP level 2. HP: 23/23 MP: 3/3
   256 | D:1      | You fall into a shaft and drop 1 floor!
   297 | D:2      | Reached skill level 4 in Unarmed Combat
   354 | D:2      | Reached XP level 3. HP: 28/28 MP: 4/4
   879 | D:2      | Reached XP level 4. HP: 28/35 MP: 5/5
   972 | D:3      | Reached skill level 5 in Unarmed Combat
   993 | D:3      | Reached XP level 5. HP: 34/40 MP: 6/6
  1059 | D:3      | Found a radiant altar of Vehumet.
  1061 | D:3      | Found Kieqiph's Jewellery Emporium.
  1077 | D:3      | Identified the +1 robe "Orriqapp" {Drain rC+ Int+2}
  1162 | D:3      | Found a sparkling altar of Nemelex Xobeh.
  1168 | D:3      | Noticed Jessica
  1179 | D:3      | Killed Jessica
  1248 | D:3      | Noticed Natasha
  1257 | D:3      | Killed Natasha
  1258 | D:3      | Reached skill level 6 in Unarmed Combat
  1348 | D:3      | Noticed Natasha
  1354 | D:3      | Killed Natasha
  1355 | D:3      | Reached XP level 6. HP: 43/47 MP: 7/7
  1494 | D:4      | Reached skill level 7 in Unarmed Combat
  1494 | D:4      | Reached skill level 5 in Shapeshifting
  1621 | D:4      | Found a sacrificial altar of Ru.
  1630 | D:4      | Reached XP level 7. HP: 46/52 MP: 8/8
  1639 | D:4      | Became a worshipper of Ru the Awakened
  1788 | D:4      | Reached skill level 8 in Unarmed Combat
  1867 | D:5      | Entered Level 5 of the Dungeon
  1888 | D:5      | Reached XP level 8. HP: 27/59 MP: 9/9
  1944 | D:5      | Reached skill level 9 in Unarmed Combat
  2016 | D:5      | Identified the +5 ring mail "Sooch" {Dex+6}
  2188 | D:6      | Reached skill level 10 in Unarmed Combat
  2206 | D:6      | Gained mutation: You passively map the area around you.
                  | [Meteoran growth]
  2206 | D:6      | Reached XP level 9. HP: 24/64 MP: 10/10
  2281 | D:6      | Gained mutation: You occasionally lose the ability to read
                  | scrolls when taking damage. [Ru sacrifice]
  2281 | D:6      | Gained mutation: You sometimes lose the ability to read
                  | scrolls when taking damage. [Ru sacrifice]
  2281 | D:6      | Reached * piety under Ru
  2321 | D:6      | Found a staircase to the Ecumenical Temple.
  2408 | D:6      | Reached skill level 11 in Unarmed Combat
  2882 | D:7      | Found a hazy altar of Hepliaklqana.
  2928 | D:7      | Found an iron altar of Okawaru.
  2998 | D:7      | Reached skill level 12 in Unarmed Combat
  3144 | D:8      | Found a white marble altar of Elyvilon.
  3221 | D:8      | Noticed Amaemon
  3222 | D:8      | Noticed an orange demon
  3228 | D:8      | HP: 3/64 [Amaemon/-1 demon whip of venom (1)]
  3228 | D:8      | Slain by Amaemon

Illustrated notes

Levels and vault maps discovered:
D:1:      scummos_arrival_gate, layout_loops_corners
D:2:      layout_basic
D:3:      layout_basic, mainiacjoe_overflow_tiny_flanked, lemuel_doored_altar,
          serial_shops, shop, uniq_jessica, uniq_natasha
D:4:      layout_cave_pools, nicolae_ru_great_annihilating_truth,
          mainiacjoe_overflow_boulevard, serial_undead, serial_undead_d,
          serial_undead_e, serial_undead_b, serial_undead_a,
          minmay_goblin_outpost
D:5:      layout_rooms, uniq_crazy_yiuf_cottage
D:6:      layout_cave_pools, minmay_temple_entry_overgrown
D:7:      layout_rooms, mainiacjoe_overflow_brackets,
          kennysheep_okawaru_gauntlet, serial_curves, eino_curves_04,
          eino_curves_03, grunt_ogre_cave, minmay_stone_trees_small,
          minmay_gold_behind_fungi, corexii_leaking_fountain
D:8:      layout_loops_cross, mainiacjoe_overflow_24_doors, serial_shops,
          nicolae_shop_hallway_plus, uniq_amaemon

Skill      XL: |  1  2  3  4  5  6  7  8  9 |
---------------+----------------------------+-----
Unarmed Combat | 4 5 6 7 8 10 12 | 12.2
Shapeshifting  | 4 5 6 7 8 |  8.5
Fighting       | |  1.1
Dodging        | |  2.1

Action                     |  1- 3 |  4- 6 |  7- 9 || total
---------------------------+-------+-------+-------++-------
  Melee: Unarmed           |    64 |   131 |   244 ||   439
         Punch             |     1 |     2 |    20 ||    23
 Invoke: Sacrifice Words   |       |       |     1 ||     1
    Use: Potion            |       |     1 |     1 ||     2
         Scroll            |       |       |     2 ||     2
   Stab: Paralysed         |       |     1 |       ||     1
 Armour: Animal skin       |     8 |       |       ||     8
         Ring mail         |    12 |    83 |   202 ||   297
         Skin              |       |    63 |     4 ||    67
  Dodge: Dodged            |    31 |    77 |   181 ||   289
  Block: Other             |       |       |    15 ||    15

Table legend: (Time is in decaauts)
 A = Elapsed time spent in this place.
 B = Non-inter-level travel time spent in this place.
 C = Inter-level travel time spent in this place.
 D = Time resting spent in this place.
 E = Time spent auto-exploring this place.
 F = Levels seen in this place.
 G = Mean time per level.
                   A        B        C        D        E       F      G
               +--------+--------+--------+--------+--------+-----+--------+
         Total |   3164 |   3039 |    125 |     38 |   1876 |   8 |  395.5 |
       Dungeon |   3164 |   3039 |    125 |     38 |   1876 |   8 |  395.5 |
               +--------+--------+--------+--------+--------+-----+--------+

Top non-repeatable levels by time:
     D:2: 695 daAuts
     D:7: 540 daAuts
     D:4: 486 daAuts
     D:3: 399 daAuts
     D:6: 301 daAuts
     D:5: 299 daAuts
     D:1: 255 daAuts
     D:8: 185 daAuts
